 Dungeon Crawl Stone Soup version 0.28.0-1-gb440e238dd (webtiles) character file.

Game seed: 12554970137794583500

496 Peloso the Slasher (level 6, -13/56 HPs)
             Began as a Minotaur Fighter on Feb 25, 2022.
             Mangled by an ogre (21 damage)
             ... on level 5 of the Dungeon.
             The game lasted 00:03:52 (3470 turns).

Peloso the Slasher (Minotaur Fighter)               Turns: 3470, Time: 00:03:53

Health: -13/56     AC:  7    Str: 21    XL:     6   Next: 93%
Magic:  5/5        EV: 10    Int:  5    God:
Gold:   124        SH:  5    Dex: 11    Spells: 5/5 levels left

rFire   . . .      SeeInvis .   a - +0 long sword
rCold   . . .      Faith    .   c - +0 buckler
rNeg    . . .      Spirit   .   b - +0 scale mail
rPois   .          Reflect  .   (helmet restricted)
rElec   .          Harm     .   (no cloak)
rCorr   .          Rampage  .   (no gloves)
Will    .....                   (no boots)
Stlth   ..........              (no amulet)
HPRegen 0.18/turn               (no ring)
MPRegen 0.09/turn               (no ring)

@: no status effects
A: horns 2, retaliatory headbutt
a: no special abilities


You were on level 5 of the Dungeon.
You visited 1 branch of the dungeon, and saw 5 of its levels.

You collected 124 gold pieces.

Inventory:

Hand Weapons
 a - a +0 long sword (weapon)
Armour
 b - a +0 scale mail (worn)
 c - a +0 buckler (worn)
Jewellery
 k - a +6 ring of strength
 m - an amulet of magic regeneration
Wands
 f - a wand of flame (19)
Scrolls
 g - a scroll of silence
 h - a scroll of noise {unknown}
 i - 8 scrolls of identify {unknown}
 n - a scroll of vulnerability {unknown}
 p - a scroll of fog {unknown}
 q - a scroll of enchant weapon {unknown}
 r - a scroll of amnesia {unknown}
Potions
 d - a potion of might
 e - 2 potions of heal wounds {unknown}
 j - 2 potions of curing
 l - a potion of brilliance {unknown}
 o - a potion of lignification {unknown}


   Skills:
 + Level 5.1 Fighting
 + Level 5.7 Long Blades
 + Level 5.6 Armour
 + Level 1.7 Dodging
 + Level 0.5 Stealth
 + Level 4.4 Shields
 + Level 1.0 Evocations


You had 5 spell levels left.
You didn't know any spells.
Your spell library was empty.

Dungeon Overview and Level Annotations

Branches:
Dungeon (5/15)
 Temple: D:4-7

Altars:
Elyvilon
Hepliaklqana


Innate Abilities, Weirdness & Mutations

You have a pair of horns on your head.
You reflexively headbutt those who attack you in melee.


Message History

The orc wizard is moderately wounded.
Something hits the bush.
The orc wizard closely misses you.
Unknown command.
Unknown command.
You hit the orc wizard. Your headbutt misses the orc wizard.
The orc wizard is severely wounded.
Something hits the bush but does no damage.
The orc wizard gestures at you while chanting.
You resist with some effort.
Unknown command.
You closely miss the orc wizard. You headbutt the orc wizard.
You kill the orc wizard!
Something hits the bush but does no damage.
The orc barely misses you. You furiously retaliate!
You headbutt the orc!
You kill the orc!
Your Fighting skill increases to level 5!
The orc hits you but does no damage. x2
Items here: ))) ? [ †.
Unknown command.
The orc hits the bush but does no damage. x2
The orc hits you from afar with a +0 trident.
The orc hits you with a +0 short sword.
Okay, then.
It was a potion of curing.
You feel better.
The orc hits the bush but does no damage.
The orc closely misses you. The orc hits you but does no damage.
You barely miss the ogre. You headbutt the ogre!
The ogre is heavily wounded.
The ogre hits you with a +0 giant club!!
* * * LOW HITPOINT WARNING * * *
The orc hits the bush but does no damage.
The orc hits you from afar with a +0 trident.
* * * LOW HITPOINT WARNING * * *
The orc hits you with a +0 short sword.
* * * LOW HITPOINT WARNING * * *
You barely miss the ogre. You headbutt the ogre!
The ogre is almost dead.
The orc hits the bush but does no damage.
The ogre hits you with a +0 giant club!!
You die...

### #####.# #.....#
#.###.##### ###### #.#
#.≈≈.P♣♣♣P.≈≈# #.#
#.≈≈......P≈≈#### #.#
#..PP♣♣.♣♣......# ##.#
#.P.♣♣P.P♣♣.....#
.#'###.♣.♣....P♣@♣ .#
<....#.♣...._..Oo♣ ..#
.....#.♣.♣....P♣o♣...#
.....#.P.♣♣P.P♣♣oP...#
.....#..PP♣♣.♣♣PP....#
######. .P..P≈≈.....o
.♣♣♣P.≈≈###### ## ..##
#.##


You could see an ogre and 3 orcs.

Vanquished Creatures
  Grinder (D:5)
  An ogre (D:4)
  A howler monkey (D:4)
  2 iguanas (D:4)
  An orc wizard (D:5)
  4 adders
  An adder skeleton (D:5)
  A worm (D:2)
  2 dart slugs
  4 orcs
  5 endoplasms
  4 giant cockroaches
  4 goblins
  3 hobgoblins
  7 jackals
  A quokka (D:3)
  2 ball pythons
  4 bats
  3 frilled lizards
  6 kobolds
  3 rats (D:1)
  A spectral orc (D:4)
61 creatures vanquished.

Notes
Turn   | Place    | Note
-------+----------+-------------------------------------------
     0 | D:1      | Peloso the Minotaur Fighter began the quest for the Orb.
     0 | D:1      | Reached XP level 1. HP: 19/19 MP: 0/0
   148 | D:1      | Reached XP level 2. HP: 14/24 MP: 1/1
   955 | D:1      | Found a faded altar of an unknown god.
  1143 | D:2      | Reached XP level 3. HP: 33/33 MP: 2/2
  2377 | D:3      | Reached XP level 4. HP: 35/40 MP: 3/3
  2761 | D:4      | Noticed an ogre
  2769 | D:4      | Killed an ogre
  2770 | D:4      | Reached skill level 1 in Dodging
  2770 | D:4      | Reached XP level 5. HP: 33/47 MP: 4/4
  2888 | D:4      | Reached skill level 5 in Armour
  3194 | D:4      | Reached skill level 5 in Long Blades
  3194 | D:4      | Reached XP level 6. HP: 45/53 MP: 5/5
  3336 | D:4      | Found a hazy altar of Hepliaklqana.
  3399 | D:5      | Entered Level 5 of the Dungeon
  3423 | D:5      | Found a white marble altar of Elyvilon.
  3423 | D:5      | Noticed Grinder
  3432 | D:5      | Paralysed by Grinder for 5 turns
  3442 | D:5      | Killed Grinder
  3460 | D:5      | Reached skill level 1 in Evocations
  3466 | D:5      | Reached skill level 5 in Fighting
  3470 | D:5      | Mangled by an ogre

Illustrated notes

Levels and vault maps discovered:
D:1:      ebering_trefoil_twist, layout_loops_ring,
          shapermc_ecumenical_altar_mp_urbaneastern
D:2:      layout_loops_ring
D:3:      layout_loops_ring
D:4:      layout_rooms, nicolae_hepliaklqana_monster_ancestors
D:5:      layout_basic, nicolae_elyvilon_peaceful_grove,
          mainiacjoe_overflow_brackets, kennysheep_mini_moat,
          minmay_misc_feat_hallway, uniq_grinder, uniq_ijyb, uniq_eustachio

Skill      XL: |  1  2  3  4  5  6 |
---------------+-------------------+-----
Armour         | 4 5 |  5.6
Fighting       | 4 5 |  5.1
Shields        | 4 |  4.4
Long Blades    | 3 4 5 |  5.7
Dodging        | 1 |  1.7
Evocations     | 1 |  1.0
Stealth        | |  0.5

Action                   |  1- 3 |  4- 6 || total
-------------------------+-------+-------++-------
Melee: Long sword        |    93 |    60 ||   153
       Headbutt          |     7 |    12 ||    19
Evoke: Wand              |       |     9 ||     9
  Use: Scroll            |     2 |       ||     2
       Potion            |       |     1 ||     1
Armor: Scale mail        |    65 |    19 ||    84
Dodge: Dodged            |    43 |    20 ||    63
Block: Buckler           |    33 |     7 ||    40
